 Dungeon Crawl Stone Soup version 0.19-a0-1849-g2383789 (webtiles) character file.

62 Jraekied the Shield-Bearer (level 3, -10/29 HPs)
             Began as a Demonspawn Fighter on Oct 9, 2016.
             Mangled by Crazy Yiuf
             ... wielding a +2 quarterstaff of chaos
              (12 damage)
             ... on level 2 of the Dungeon.
             The game lasted 00:03:14 (1269 turns).

Jraekied the Shield-Bearer (Demonspawn Fighter)     Turns: 1269, Time: 00:03:16

Health: -10/29     AC:  8    Str: 22    XL:     3   Next: 85%
Magic:  3/3        EV:  7    Int:  9    God:
Gold:   78         SH:  9    Dex: 12    Spells: 0 memorised, 2 levels left

rFire  x . .     SeeInvis .     a - +0 long sword
rCold  + . .     Gourm    .     b - +0 scale mail
rNeg   . . .     Faith    .     c - +0 shield
rPois  .         Spirit   .     (no helmet)
rElec  .         Dismiss  .     (no cloak)
rCorr  .         Reflect  .     (no gloves)
MR     .....     Harm     .     (no boots)
Stlth  ..........               (no amulet)
                                (no ring)
                                k - ring of ice

@: mighty, lethally poisoned (-10 -> -17), drained
A: icy blue scales 1
a: no special abilities


You were on level 2 of the Dungeon.
You were not hungry.

You visited 1 branch of the dungeon, and saw 2 of its levels.

You collected 78 gold pieces.

Inventory:

Hand Weapons
 a - a +0 long sword (weapon)
Missiles
 l - 55 stones (quivered)
 p - 6 tomahawks of dispersal
Armour
 b - a +0 scale mail (worn)
 c - a +0 shield (worn)
Jewellery
 g - an uncursed amulet of rage
 k - a ring of ice (left hand)
Scrolls
 e - a scroll of amnesia {unknown}
 h - a scroll of enchant armour {unknown}
 i - a scroll of magic mapping {unknown}
 j - a scroll of remove curse {unknown}
 n - a scroll of immolation {unknown}
Potions
 m - a potion of heal wounds {unknown}
Comestibles
 o - a beef jerky


   Skills:
 - Level 3.0(2.7) Fighting
 * Level 3.2(2.9) Long Blades
 - Level 2.6(2.3) Armour
 + Level 3.3(3.0) Shields


You had 2 spell levels left.
You didn't know any spells.

Dungeon Overview and Level Annotations

Branches:
Dungeon (2/15)

Altars:

Annotations:
D:2 Crazy Yiuf


Innate Abilities, Weirdness & Mutations

You are partially covered in icy blue scales. (AC +2)


Message History

You barely miss Crazy Yiuf.
Crazy Yiuf is lightly wounded.
You feel sick.
Crazy Yiuf hits you with a quarterstaff of chaos.
Crazy Yiuf burns you.
You feel very mighty all of a sudden.
Crazy Yiuf screams, "Flower!
Blight snockshim sanguine."
Crazy Yiuf hits you with a quarterstaff of chaos.
You hit Crazy Yiuf.
Crazy Yiuf is moderately wounded.
You feel sick.
Crazy Yiuf hits you with a quarterstaff of chaos!
You feel drained.
You slash Crazy Yiuf!
Crazy Yiuf is severely wounded.
You feel sick.
Crazy Yiuf hits you with a quarterstaff of chaos!
* * * LOW HITPOINT WARNING * * *
You are electrocuted!
You die...

######### .....(..#
#.# #.# #.# #.#
###### ♣♣♣♣♣### #.#
#.<..# ###
♣♣♣)♣)...###.##
#.##.#
#)))#♣@)♣)♣....##..##
#.##.#
#.))'g♣♣♣♣......#>..#
#.##.# #)))#♣♣
♣♣.....##.####
####.##.# ###
♣♣##........#
.....##.# #####.##.#
......#.# #.##.#
#...#.#.###########
#.##.#
....#.#...........#
#.##.#
#...#.###........#
#....#


You could see Crazy Yiuf.

Vanquished Creatures
  An adder (D:2)
  3 oozes
  A worm (D:2)
  A dart slug (D:1)
  2 leopard geckos
  7 bats
  4 giant cockroaches (D:1)
  A goblin (D:1)
  2 hobgoblins
  A frilled lizard (D:2)
  6 kobolds
  5 rats
34 creatures vanquished.

Notes
Turn   | Place    | Note
-------+----------+-------------------------------------------
     0 | D:1      | Jraekied the Demonspawn Fighter began the quest for the Orb.
     0 | D:1      | Reached XP level 1. HP: 18/18 MP: 1/1
   133 | D:1      | Gained mutation: You are partially covered in icy blue scales. (AC +2) [demonic ancestry]
   133 | D:1      | Reached XP level 2. HP: 21/24 MP: 2/2
   666 | D:1      | Reached XP level 3. HP: 29/29 MP: 3/3
  1209 | D:2      | Found a runed door.
  1258 | D:2      | Noticed Crazy Yiuf
  1269 | D:2      | Mangled by Crazy Yiuf

Vault maps used:
D:1:      tarquinn_simple_flora_water_c, serial_corexii_hall,
          corexii_hall_statues_i, corexii_hall_statues_x,
          corexii_hall_statues_u, corexii_hall_statues_i
D:2:      uniq_crazy_yiuf_cottage

Skill      XL: |  1  2  3 |
---------------+----------+-----
Long Blades    | 2 3 |  3.2
Shields        | 3 |  3.3
Fighting       | |  3.0
Armour         | |  2.6

Action                   || total
-------------------------++-------
Melee: Long sword        ||   108
  Use: Potion            ||     1
  Eat: Bread ration      ||     1
Armor: Scale mail        ||    60
Dodge: Dodged            ||    34
Block: Shield            ||    51
       Rpst.: Long sword ||     9
